AoeStats
← pa_sk

Arabia

506242803Analyzed
1v1 RM · 20d ago on Sep 12, 2026· 48m 55s· 2 players
Game mode
Random Map
Map size
Tiny (2 player)
Population
200
Speed
Normal
Resources
Standard
Victory
Conquest
Starting age
Dark Age
Ending age
Imperial Age
RankedLock teamsTeams togetherTeam positionsShared explorationLock speedFull tech treeHidden civsTurbo modeCheats
Victory
Defeat
🇵🇱 Huns · Poland
831
+13
🇲🇽 Magyars · Mexico
760
-13
DSLG | GAMA_CRAZY
9:06 Loom
11:46 Feudal Age
13:11 Double-Bit Axe
17:14 Bloodlines
20:57 Castle Age
28:30 Horse Collar
29:12 Bloodlines
29:02 Husbandry
30:35 Heavy Plow
30:15 Light Cavalry
32:24 Pikeman
33:57 Scale Barding Armor
33:43 Fletching
33:53 Padded Archer Armor
35:39 Wheelbarrow
35:49 Bow Saw
35:42 Gold Mining
35:42 Stone Mining
38:21 Leather Archer Armor
47:40 Hand Cart
pa_sk
8:07 Loom
10:38 Feudal Age
11:30 Double-Bit Axe
11:54 Horse Collar
16:24 Bloodlines
18:24 Scale Barding Armor
20:07 Forging
23:54 Castle Age
25:03 Bow Saw
24:57 Heavy Plow
24:20 Light Cavalry
25:00 Husbandry
25:27 Chain Barding Armor
26:41 Wheelbarrow
27:23 Town Watch
28:11 Gold Mining
29:55 Gold Shaft Mining
30:36 Stone Mining
31:50 Iron Casting
32:24 Squires
33:40 Scale Mail Armor
35:00 Chain Mail Armor
34:39 Fletching
34:50 Padded Archer Armor
35:13 Hand Cart
43:13 Bodkin Arrow
43:34 Leather Archer Armor
46:45 Imperial Age
47:15 Town Patrol
47:46 Thumb Ring
48:07 Parthian Tactics
48:09 Conscription
47:26 Hussar
48:45 Plate Barding Armor
49:11 Blast Furnace
49:26 Bracer
Connection lost

Rejoining the realm…

Still unreachable

The connection could not be restored.

Session expired

The server has moved on; the page needs a fresh start.